 Dungeon Crawl Stone Soup version 0.23-a0-386-g9c9d49f623 (webtiles) character file.

148367 Notair the Bludgeoner (level 16, -4/157 HPs)
             Began as a Minotaur Gladiator on Oct 29, 2018.
             Was the Champion of Okawaru.
             Slain by a five-headed hydra (5 damage)
             ... on level 4 of the Swamp on Oct 30, 2018.
             The game lasted 01:56:54 (33674 turns).

Notair the Bludgeoner (Minotaur Gladiator)         Turns: 33674, Time: 01:56:55

Health: -4/157     AC: 27    Str: 20    XL:     16   Next: 94%
Magic:  23/23      EV: 20    Int: 10    God:    Okawaru [******]
Gold:   2068       SH:  0    Dex: 16    Spells: 15/15 levels left

rFire    . . .     SeeInvis .   I - +5 dire flail of Urgency {flame, rC+ rN+ Dex+3}
rCold    + . .     Gourm    .   (shield currently unavailable)
rNeg     + . .     Faith    +   D - +0 swamp dragon scales
rPois    +         Spirit   .   Z - +2 hat {MR+}
rElec    .         Reflect  .   G - +2 cloak {MR+}
rCorr    .         Harm     .   Y - +3 pair of gauntlets of War {Slay+5}
MR       +++..                  v - +2 pair of boots
Stlth    +.........             Q - amulet of faith
HPRegen  0.36/turn              R - +5 ring of evasion
MPRegen  0.18/turn              n - +3 ring of slaying

@: about to teleport
A: retaliatory headbutt, horns 2
a: Heroism, Finesse, Renounce Religion


You were on level 4 of the Swamp.
You worshipped Okawaru.
Okawaru was exalted by your worship.
You were not hungry.

You visited 5 branches of the dungeon, and saw 28 of its levels.
You also visited: Sewer, Ossuary, Bailey and Volcano.

You collected 3208 gold pieces.
You spent 1140 gold pieces at shops.

Inventory:

Hand Weapons
 a - the +8 dire flail of Levity {freeze, Int+4}
   (Okawaru gifted it to you on level 13 of the Dungeon)

   It has been specially enchanted to freeze those struck by it, causing extra
   injury to most foes and up to half again as much damage against particularly
   susceptible opponents.
   It can also slow down cold-blooded creatures.
   It affects your intelligence (+4).
 p - a +4 great mace of crushing
 q - a +1 arbalest of flaming
 I - the +5 dire flail of Urgency (weapon) {flame, rC+ rN+ Dex+3}
   (Okawaru gifted it to you on level 13 of the Dungeon)

   It has been specially enchanted to burn those struck by it, causing extra
   injury to most foes and up to half again as much damage against particularly
   susceptible opponents.
   It affects your dexterity (+3).
   It protects you from cold.
   It protects you from negative energy.
Missiles
 d - 3 throwing nets (quivered)
Armour
 e - the +0 pair of gloves "Teussaacw" {+Inv MR+ Str-2}
   (Okawaru gifted it to you on level 15 of the Dungeon)

   It affects your strength (-2).
   It affects your resistance to hostile enchantments.
   It lets you turn invisible.
 u - +0 fire dragon scales
 v - a +2 pair of boots (worn)
 y - a +2 plate armour of fire resistance
 D - +0 swamp dragon scales (worn)
 G - a +2 cloak of magic resistance (worn)
 N - a scarf of resistance
 Y - the +3 pair of gauntlets of War (worn) {Slay+5}
   (You bought it in a shop on level 2 of the Orcish Mines)

   It affects your accuracy and damage with ranged weapons and melee attacks
   (+5).
 Z - a +2 hat of magic resistance (worn)
Jewellery
 i - an uncursed ring of ice
 n - a +3 ring of slaying (right hand)
 Q - an amulet of faith (around neck)
 R - a +5 ring of evasion (left hand)
 T - an uncursed amulet of guardian spirit
 U - an uncursed ring of resist corrosion
Wands
 c - a wand of clouds (14)
 j - a wand of flame (82)
 o - a wand of iceblast (27)
 F - a wand of disintegration (72)
 O - a wand of digging (57)
 P - a wand of paralysis (36)
 S - a wand of acid (24)
 X - a wand of polymorph (30)
Scrolls
 m - 3 scrolls of fear
 r - 15 scrolls of remove curse
 x - 2 scrolls of enchant weapon
 A - 6 scrolls of blinking
 B - 6 scrolls of teleportation
 C - 2 scrolls of brand weapon
 H - 6 scrolls of enchant armour
 J - 5 scrolls of identify
 K - a scroll of vulnerability {unknown}
 M - 3 scrolls of fog
Potions
 b - 2 potions of heal wounds
 g - 7 potions of flight
 h - a potion of haste
 k - 4 potions of resistance
 l - 6 potions of lignification
 s - 16 potions of curing
 t - 5 potions of might
 w - 7 potions of brilliance
 z - 2 potions of agility
 E - 6 potions of berserk rage
 L - 2 potions of mutation
 W - a potion of cancellation
Comestibles
 f - 38 rations


   Skills:
 + Level 18.1 Fighting
 * Level 19.4 Maces & Flails
 - Level 2.0 Throwing
 - Level 18.4 Armour
 + Level 6.2 Dodging
 - Level 11.3 Invocations


You had 15 spell levels left.
You didn't know any spells.
Your spell library contained the following spells:

 Spells                   Type           Power        Failure   Level  Hunger
 Beastly Appendage        Tmut           #.....       45%         1    ##.....
 Confusing Touch          Hex            #.....       45%         1    ##.....
 Infusion                 Chrm           #...         45%         1    ##.....
 Magic Dart               Conj           #...         45%         1    ##.....
 Sandblast                Erth           #.....       45%         1    ##.....
 Sting                    Conj/Pois      #...         45%         1    ##.....
 Passwall                 Tmut/Erth      #.......     61%         2    ###....
 Poisonous Vapours        Pois/Air       #.....       61%         2    ###....
 Searing Ray              Conj           #.....       61%         2    ###....
 Shroud of Golubria       Chrm/Tloc      #.........   61%         2    ###....
 Song of Slaying          Chrm           #.......     61%         2    ###....
 Sticks to Snakes         Tmut           #.......     61%         2    ###....
 Confuse                  Hex            #.......     83%         3    ####...
 Dazzling Spray           Conj/Hex       #.....       83%         3    ####...
 Gell's Gravitas          Tloc           #.........   83%         3    ####...
 Mephitic Cloud           Conj/Pois/Air  #.......     83%         3    ####...
 Regeneration             Chrm/Necr      #.........   83%         3    ####...
 Spectral Weapon          Hex/Chrm       #.......     83%         3    ####...
 Spider Form              Tmut/Pois      #.........   83%         3    ####...
 Stone Arrow              Conj/Erth      #.....       83%         3    ####...
 Cause Fear               Hex            #.........   99%         4    #####..
 Force Lance              Conj/Tloc      #.......     99%         4    #####..
 Fulminant Prism          Conj/Hex       #.........   99%         4    #####..
 Ice Form                 Ice/Tmut       #.......     99%         4    #####..
 Iskenderun's Mystic Bla  Conj           #.......     99%         4    #####..
 Olgreb's Toxic Radiance  Pois           #.......     99%         4    #####..
 Petrify                  Tmut/Erth      #.......     99%         4    #####..
 Blade Hands              Tmut           #.........   100%        5    ######.
 Bolt of Magma            Conj/Fire/Erth #.........   100%        5    ######.
 Iskenderun's Battlesphe  Conj/Chrm      #.......     100%        5    ######.
 Lee's Rapid Deconstruct  Erth           #.........   100%        5    ######.
 Metabolic Englaciation   Hex/Ice        #.........   100%        5    ######.
 Silence                  Hex/Air        #.........   100%        5    ######.
 Venom Bolt               Conj/Pois      #.........   100%        5    ######.
 Yara's Violent Unravell  Hex/Tmut       #.........   100%        5    ######.
 Deflect Missiles         Chrm/Air       #.........   100%        6    #######
 Iron Shot                Conj/Erth      #.........   100%        6    #######
 Orb of Destruction       Conj           #.........   100%        7    #######
 Spellforged Servitor     Conj/Summ      #.........   100%        7    #######
 Discord                  Hex            #.........   100%        8    #######


Dungeon Overview and Level Annotations

Branches:
Dungeon (15/15)            Temple (1/1) D:5            Lair (6/6) D:8
  Swamp (4/4) Lair:3       Spider (0/4) Lair:4        Slime (0/5) Lair:6
    Orc (2/2) D:11            Elf (0/3) Orc:2        Vaults (0/5) D:13
 Depths (0/5) D:15

Altars:
Ashenzari
Cheibriados
Elyvilon
Fedhas
Gozag
Hepliaklqana
Kikubaaqudgha
Okawaru
Sif Muna
Vehumet
Wu Jian
Xom
Beogh
Jiyva

Shops:
D:6 (   Orc:2 [*=*(

Portals:
Trove: D:14 (give 17 scrolls of identify)

Annotations:
Swamp:4 Lernaean hydra


Innate Abilities, Weirdness & Mutations

You reflexively headbutt those who attack you in melee.
You have a pair of horns on your head.


Message History

The 27-headed Lernaean hydra bites you!
* * * LOW HITPOINT WARNING * * *
The 27-headed Lernaean hydra bites you!
* * * LOW HITPOINT WARNING * * *
The 27-headed Lernaean hydra bites you but does no damage. x2
The 27-headed Lernaean hydra misses you.
The 27-headed Lernaean hydra bites you but does no damage.
The seven-headed hydra bites you.
* * * LOW HITPOINT WARNING * * *
The seven-headed hydra bites you but does no damage. x2
The seven-headed hydra bites you.
* * * LOW HITPOINT WARNING * * *
The seven-headed hydra closely misses you. x2
The seven-headed hydra bites you but does no damage.
The 27-headed Lernaean hydra knocks down a tree!
The five-headed hydra completely misses you.
You furiously retaliate!
You headbutt the five-headed hydra!
The five-headed hydra bites you but does no damage.
The five-headed hydra bites you.
You die...

≈≈≈≈≈≈≈≈≈≈≈♣♣♣.≈≈≈≈♣♣♣.♣♣≈.≈..≈..
≈≈≈...≈≈§≈≈.≈.≈≈≈≈≈.♣...♣≈.§≈♣
..≈≈≈≈≈≈≈≈≈...≈≈≈≈≈..≈≈≈††≈.♣♣
♣.≈≈≈≈≈.≈≈≈§≈≈≈≈≈≈≈.≈≈≈≈≈♣..♣
≈.≈.≈≈≈≈≈≈≈≈≈≈≈≈§≈≈≈≈≈≈≈♣ ♣♣♣
...≈≈≈≈≈≈≈≈♣≈≈≈≈.≈≈≈...♣♣
≈...≈≈≈≈≈≈≈≈≈....≈≈...♣♣
..≈≈≈≈≈≈≈≈≈≈≈§..DD≈§≈.♣
♣.≈≈≈≈†..≈≈≈≈≈..@Dn≈≈.♣
♣..≈§≈([§≈≈≈≈≈..♣♣.≈≈♣♣
♣≈..≈≈♣♣♣♣.≈≈...♣♣≈..♣ ♣♣♣♣♣≈♣
♣≈≈≈.≈≈≈...≈♣ ♣.♣ ♣≈≈≈≈≈≈≈≈..♣♣
♣♣♣ ♣.≈.≈≈§...♣♣ ♣§...≈≈≈♣♣♣
..≈♣♣.≈≈♣ ≈≈≈≈.≈...♣


You could see the 27-headed Lernaean hydra, a seven-headed hydra, a five-headed
hydra and a bog body.

Vanquished Creatures
  3 thorn hunters
  Kirke (D:14)
  The ghost of Wolly the Severer, a journeyman DDFi of Makhleb (D:12)
  The ghost of Semoacif the Thaumaturge, a journeyman GnAE of Vehumet (Lair:4)
  An ettin (D:15)
  Snorg (Orc:2)
  A fire dragon (Lair:6)
  4 ogre magi
  Harold (D:7)
  4 vault guards
  Erolcha (D:12)
  Fannar (Orc:1)
  2 ghost crabs
  A catoblepas (D:14)
  20 hydras
  18 two-headed ogres
  6 centaur warriors
  A queen ant (Lair:3)
  8 alligators
  Erica (D:11)
  4 tengu warriors (D:15)
  10 death yaks
  Urug (Orc:2)
  An orc high priest (Orc:1)
  Sonja (Lair:3)
  Nergalle (Lair:4)
  A flayed ghost (D:12)
  3 skeletal warriors
  3 unseen horrors
  A spriggan druid (Swamp:4)
  2 deep trolls (Orc:2)
  2 wizards
  8 swamp dragons
  A deep elf archer (D:13)
  Pikel (D:5)
  4 orc knights
  4 orc sorcerers
  An orb spider (Lair:4)
  4 deep elf magi
  A wolf spider (Lair:6)
  5 necromancers (D:13)
  5 cyclopes
  An ugly thing (D:12)
  Maurice (D:10)
  A guardian serpent (Lair:6)
  7 black mambas
  A torpor snail (Lair:6)
  5 gargoyles
  21 spiny frogs
  6 rime drakes
  7 komodo dragons
  A kobold demonologist (D:12)
  2 tengu conjurers
  6 hornets
  17 trolls
  A wind drake (shapeshifter) (D:15)
  6 slime creatures (Swamp:1)
  11 tyrant leeches
  4 blink frogs (Lair:3)
  A harpy skeleton (Volcano)
  9 hippogriffs
  6 bog bodies
  Grinder (D:6)
  6 dream sheep (Lair:4)
  2 centaur simulacra
  3 flying skulls (Volcano)
  An alligator skeleton (Volcano)
  A spriggan (Swamp:2)
  A shadow (D:15)
  2 redbacks (Lair:6)
  4 hogs (D:14)
  Eustachio (D:5)
  2 vampires (D:15)
  A wraith (D:12)
  28 yaks
  9 wyverns
  15 humans (D:13)
  3 steam dragons (Lair:6)
  2 basilisks
  4 hungry ghosts
  6 insubstantial wisps (Swamp:3)
  3 wargs
  Grum (D:11)
  3 acid dragons
  21 swamp worms
  2 hell hounds (Lair:3)
  3 soldier ants (Lair:3)
  23 water moccasins
  26 orc warriors
  11 swamp drakes
  2 ice beasts
  4 porcupines
  An eye of draining (D:11)
  2 black bears
  3 phantoms
  2 sky beasts (D:5)
  25 ogres
  10 wolves
  7 crocodiles
  23 centaurs
  4 big kobolds
  A wyvern zombie (D:13)
  10 bullfrogs
  A gnoll sergeant (D:10)
  5 scorpions
  A water moccasin skeleton (D:12)
  2 spriggan skeletons (Volcano)
  A troll skeleton (Volcano)
  11 wights
  A howler monkey (D:4)
  An electric eel (Lair:6)
  3 crimson imps
  A quasit (D:9)
  5 centaur zombies
  8 hounds
  3 jellies
  19 orc priests
  3 centaur skeletons
  A human zombie (Ossuary)
  27 orc wizards
  7 bullfrog skeletons
  7 iguanas
  22 worker ants
  A killer bee zombie (D:8)
  3 hound skeletons
  2 mummies (Ossuary)
  A worker ant zombie (D:6)
  7 adders
  5 gnolls (D:10)
  A river rat (D:3)
  4 shadow imps
  2 oozes
  3 adder zombies
  An adder skeleton (D:5)
  3 worms
  A dart slug (D:1)
  5 leopard geckos
  106 orcs
  5 bats
  10 giant cockroaches
  13 goblins
  7 hobgoblins
  5 jackals
  21 kobolds
  6 quokkas
  3 ball pythons
  8 frilled lizards
  2 goblin zombies
  10 hobgoblin zombies (Ossuary)
  2 jackal zombies (Ossuary)
  11 kobold zombies (Ossuary)
  7 orc zombies (Ossuary)
  3 quokka skeletons
  A quokka zombie (D:4)
  13 rats
  A rat zombie (Ossuary)
  5 briar patches
  A plant (Lair:6)
942 creatures vanquished.

Vanquished Creatures (others)
  2 slaves (D:5)
  3 ball lightnings (Lair:4)
  3 orcs (D:5)
  A goblin (D:7)
  3 briar patches
  36 fungi
  61 plants (Lair:6)
109 creatures vanquished.

Grand Total: 1051 creatures vanquished

Notes
Turn   | Place    | Note
-------+----------+-------------------------------------------
     0 | D:1      | Notair the Minotaur Gladiator began the quest for the Orb.
     0 | D:1      | Reached XP level 1. HP: 18/18 MP: 0/0
     6 | D:1      | Noticed a wolf
     6 | D:1      | Noticed a polar bear
     7 | D:1      | Noticed a black mamba
    99 | D:1      | Reached skill level 4 in Maces & Flails
   104 | D:1      | Reached XP level 2. HP: 24/25 MP: 1/1
   363 | D:1      | Reached XP level 3. HP: 20/31 MP: 2/2
   840 | D:2      | Reached skill level 5 in Maces & Flails
  1094 | D:2      | Found a white marble altar of Elyvilon.
  1661 | D:3      | Reached XP level 4. HP: 35/38 MP: 3/3
  1683 | D:3      | Found a blossoming altar of Fedhas.
  1683 | D:3      | Found an ancient bone altar of Kikubaaqudgha.
  1945 | D:3      | Found a glowing drain.
  1966 | Sewer    | Entered a sewer
  2013 | Sewer    | Noticed a big kobold
  2013 | Sewer    | Noticed a big kobold
  2018 | Sewer    | Killed a big kobold
  2018 | Sewer    | Reached skill level 6 in Maces & Flails
  2018 | Sewer    | Reached XP level 5. HP: 47/47 MP: 4/4
  2022 | Sewer    | Reached skill level 7 in Maces & Flails
  2095 | Sewer    | Reached XP level 6. HP: 53/53 MP: 5/5
  2153 | Sewer    | Reached skill level 5 in Fighting
  2287 | D:3      | Found a radiant altar of Vehumet.
  2684 | D:4      | Found a sand-covered staircase.
  2691 | Ossuary  | Entered an ossuary
  2863 | Ossuary  | Reached skill level 8 in Maces & Flails
  2879 | Ossuary  | Reached XP level 7. HP: 52/61 MP: 6/6
  3227 | D:4      | Reached skill level 9 in Maces & Flails
  3460 | D:4      | Found an iron altar of Okawaru.
  3469 | D:4      | Found a deep blue altar of Sif Muna.
  3725 | D:4      | Became a worshipper of Warmaster Okawaru
  3755 | D:5      | Entered Level 5 of the Dungeon
  3796 | D:5      | Found a staircase to the Ecumenical Temple.
  3818 | Temple   | Entered the Ecumenical Temple
  3824 | D:5      | Found a shimmering altar of Xom.
  3893 | D:5      | Reached XP level 8. HP: 63/71 MP: 7/7
  3898 | D:5      | Noticed Pikel
  3919 | D:5      | Killed Pikel
  3919 | D:5      | Reached * piety under Okawaru
  3919 | D:5      | Reached skill level 11 in Maces & Flails
  4040 | D:5      | Reached ** piety under Okawaru
  4292 | D:5      | Noticed Eustachio
  4299 | D:5      | Killed Eustachio
  4299 | D:5      | Reached XP level 9. HP: 76/82 MP: 8/8
  4487 | D:6      | Noticed Grinder
  4490 | D:6      | Killed Grinder
  4490 | D:6      | Reached skill level 12 in Maces & Flails
  4628 | D:6      | Reached skill level 1 in Armour
  4658 | D:6      | Reached skill level 1 in Invocations
  4735 | D:6      | Reached *** piety under Okawaru
  4917 | D:6      | Found Daddov's Antique Weapon Boutique.
  5490 | D:6      | Found an ornate altar of the Wu Jian Council.
  5685 | D:7      | Noticed Harold
  5730 | D:7      | Killed Harold
  5730 | D:7      | Reached **** piety under Okawaru
  5730 | D:7      | Reached XP level 10. HP: 40/93 MP: 9/11
  5912 | D:7      | Found a snail-covered altar of Cheibriados.
  5912 | D:7      | Noticed a deep elf mage
  5912 | D:7      | Noticed a deep elf mage
  5921 | D:7      | Killed a deep elf mage
  5921 | D:7      | Reached skill level 10 in Fighting
  5929 | D:7      | Killed a deep elf mage
  6297 | D:7      | Found a flagged portal.
  6312 | Bailey   | Entered a bailey
  6434 | Bailey   | Reached ***** piety under Okawaru
  6816 | Bailey   | Noticed an orc knight
  6830 | Bailey   | Killed an orc knight
  6830 | Bailey   | Received a gift from Okawaru
  7134 | Bailey   | Identified the +4 crystal plate armour "Wuwot" {rPois}
  7687 | D:8      | Reached skill level 5 in Invocations
  7843 | D:8      | Found an opulent altar of Gozag.
  7990 | D:8      | Found a staircase to the Lair.
  8087 | D:8      | You fall through a shaft for 2 floors!
  8087 | D:10     | Entered Level 10 of the Dungeon
  8090 | D:9      | Noticed a two-headed ogre
  8097 | D:9      | Killed a two-headed ogre
  8230 | D:8      | Found a shattered altar of Ashenzari.
  8616 | D:8      | Reached XP level 11. HP: 73/102 MP: 14/14
  9053 | D:10     | Reached skill level 10 in Armour
  9274 | D:10     | Noticed Maurice
  9280 | D:10     | Received a gift from Okawaru
  9375 | D:10     | Killed Maurice
  9515 | D:10     | Received a gift from Okawaru
 10242 | D:11     | Found a staircase to the Orcish Mines.
 10937 | D:11     | Killed an unseen horror
 10950 | D:11     | Noticed Grum
 11100 | D:11     | Killed Grum
 11139 | D:11     | Found Vuaffuam's Book Boutique.
 11286 | D:11     | Noticed Erica
 11305 | D:11     | Killed Erica
 11448 | D:11     | Received a gift from Okawaru
 11959 | D:12     | Noticed a two-headed ogre
 11960 | D:12     | Noticed a two-headed ogre
 11960 | D:12     | Noticed an ogre mage
 11962 | D:12     | Noticed a two-headed ogre
 11965 | D:12     | Noticed a two-headed ogre
 11969 | D:12     | Killed a two-headed ogre
 11969 | D:12     | Reached XP level 12. HP: 45/113 MP: 13/16
 11970 | D:12     | Noticed a two-headed ogre
 11976 | D:12     | Killed an ogre mage
 11976 | D:12     | Reached ****** piety under Okawaru
 11982 | D:12     | Killed a two-headed ogre
 11998 | D:12     | Killed a two-headed ogre
 12004 | D:12     | Killed a two-headed ogre
 12010 | D:12     | Killed a two-headed ogre
 12010 | D:12     | Received a gift from Okawaru
 12013 | D:12     | Got a pair of warped boots {god gift}
 12470 | D:12     | Noticed a seven-headed hydra
 12480 | D:12     | Killed a seven-headed hydra
 12501 | D:12     | Noticed a six-headed hydra
 12504 | D:12     | Killed a six-headed hydra
 12700 | D:12     | Noticed Erolcha
 12708 | D:12     | Killed Erolcha
 12810 | D:12     | Found a runed gate.
 12810 | D:12     | Noticed a two-headed ogre
 12811 | D:12     | Found a runed gate.
 12811 | D:12     | Found a runed gate.
 12811 | D:12     | Noticed a centaur warrior
 12812 | D:12     | Noticed Wolly's ghost (journeyman DDFi)
 13145 | D:12     | Killed Wolly's ghost
 13154 | D:12     | Killed a two-headed ogre
 13167 | D:12     | Killed a centaur warrior
 13167 | D:12     | Reached XP level 13. HP: 109/123 MP: 11/19
 13214 | D:12     | Identified the +1 pair of boots of Limited Liability
                  | {rCorr} (Okawaru gifted it to you on level 12 of the
                  | Dungeon)
 13332 | D:13     | Reached skill level 15 in Armour
 13637 | D:13     | Received a gift from Okawaru
 13655 | D:13     | Got a dazzling dire flail {god gift}
 13661 | D:13     | Identified the +5 dire flail of Urgency {flame, rC+ rN+
                  | Dex+3} (Okawaru gifted it to you on level 13 of the
                  | Dungeon)
 14049 | D:13     | Found a gate to the Vaults.
 14066 | D:13     | Reached skill level 13 in Maces & Flails
 14090 | D:13     | Reached skill level 10 in Invocations
 14100 | D:13     | Received a gift from Okawaru
 14122 | D:13     | Got a twisted dire flail {god gift}
 15359 | D:14     | Found a portal to a secret trove of treasure.
 15363 | D:14     | Identified the +8 dire flail of Levity {freeze, Int+4}
                  | (Okawaru gifted it to you on level 13 of the Dungeon)
 15472 | D:14     | Received a gift from Okawaru
 15541 | D:14     | Noticed Kirke
 15556 | D:14     | Killed Kirke
 15556 | D:14     | Reached skill level 14 in Maces & Flails
 15720 | D:15     | Entered Level 15 of the Dungeon
 15734 | D:15     | Reached XP level 14. HP: 133/133 MP: 20/20
 16036 | D:15     | Received a gift from Okawaru
 16102 | D:15     | Reached skill level 15 in Fighting
 16301 | D:15     | Got a pair of blackened gloves {god gift}
 16307 | D:15     | Identified the +0 pair of gloves "Teussaacw" {+Inv MR+
                  | Str-2} (Okawaru gifted it to you on level 15 of the
                  | Dungeon)
 17474 | D:15     | Found a staircase to the Depths.
 17648 | Lair:1   | Entered Level 1 of the Lair of Beasts
 19181 | Lair:2   | Received a gift from Okawaru
 19959 | Lair:3   | Found a dark tunnel.
 19978 | Volcano  | Entered a volcano
 20071 | Volcano  | Reached skill level 15 in Maces & Flails
 20234 | Volcano  | Received a gift from Okawaru
 20732 | Lair:3   | Found a staircase to the Swamp.
 20810 | Lair:3   | Noticed Sonja
 20826 | Lair:3   | Reached XP level 15. HP: 89/144 MP: 20/22
 20832 | Lair:3   | Killed Sonja
 21398 | Lair:4   | Noticed Nergalle
 21406 | Lair:4   | Killed Nergalle
 21407 | Lair:4   | Found a hazy altar of Hepliaklqana.
 21663 | Lair:4   | Found a runed gate.
 21663 | Lair:4   | Found a runed gate.
 21663 | Lair:4   | Found a runed gate.
 21664 | Lair:4   | Noticed Semoacif's ghost (journeyman GnAE)
 21688 | Lair:4   | Killed Semoacif's ghost
 21777 | Lair:4   | Found a hole to the Spider Nest.
 23043 | Lair:6   | Entered Level 6 of the Lair of Beasts
 23062 | Lair:6   | Received a gift from Okawaru
 23180 | Lair:6   | Reached skill level 16 in Maces & Flails
 23527 | Lair:6   | Paralysed by a hornet for 1 turns
 24339 | Lair:6   | Received a gift from Okawaru
 25673 | Lair:6   | Found a viscous altar of Jiyva.
 25674 | Lair:6   | Found a staircase to the Slime Pits.
 25943 | Lair:6   | Reached skill level 17 in Maces & Flails
 26167 | Orc:1    | Entered Level 1 of the Orcish Mines
 26167 | Orc:1    | Found a roughly hewn altar of Beogh.
 26171 | Orc:1    | Noticed Fannar
 26381 | Orc:1    | Killed Fannar
 27148 | Orc:1    | Found a roughly hewn altar of Beogh.
 27292 | Orc:2    | Entered Level 2 of the Orcish Mines
 27292 | Orc:2    | Noticed Snorg
 27305 | Orc:2    | Killed Snorg
 27716 | Orc:2    | Received a gift from Okawaru
 27753 | Orc:2    | Noticed Urug
 28014 | Orc:2    | Killed Urug
 28015 | Orc:2    | Reached XP level 16. HP: 98/155 MP: 21/23
 28521 | Orc:2    | Found Daceget's Jewellery Boutique.
 28535 | Orc:2    | Found Durutet's Weapon Emporium.
 28549 | Orc:2    | Found Sejos's Assorted Antiques.
 28556 | Orc:2    | Found Xeblev's Assorted Antiques.
 28562 | Orc:2    | Found a staircase to the Elven Halls.
 28656 | Orc:2    | Reached skill level 18 in Maces & Flails
 28966 | Orc:2    | Found Maps's Antique Armour Shoppe.
 28974 | Orc:2    | Bought the +3 pair of gauntlets of War {Slay+5} for 1140
                  | gold pieces
 28974 | Orc:2    | Found the +3 pair of gauntlets of War {Slay+5}
 29491 | Swamp:1  | Entered Level 1 of the Swamp
 30909 | Swamp:2  | Received a gift from Okawaru
 31141 | Swamp:2  | Noticed a thorn hunter
 31157 | Swamp:2  | Killed a thorn hunter
 31674 | Swamp:3  | Noticed a thorn hunter
 31708 | Swamp:3  | Killed a thorn hunter
 32509 | Swamp:4  | Entered Level 4 of the Swamp
 32549 | Swamp:4  | Reached skill level 5 in Dodging
 32646 | Swamp:4  | Reached skill level 19 in Maces & Flails
 33187 | Swamp:4  | Received a gift from Okawaru
 33417 | Swamp:4  | Noticed a thorn hunter
 33426 | Swamp:4  | Killed a thorn hunter
 33665 | Swamp:4  | Noticed the 27-headed Lernaean hydra
 33674 | Swamp:4  | HP: 5/157 [seven-headed hydra (4)]
 33674 | Swamp:4  | HP: 1/157 [seven-headed hydra (4)]
 33674 | Swamp:4  | Slain by a five-headed hydra

Vault maps used:
D:1:      onia_arrival_zoo_common, grunt_decor_arrowhead
D:2:      lemuel_coloured_pillars_altar, guppyfry_early_orc_mine,
          uniq_crazy_yiuf_cottage
D:3:      grunt_temple_overflow_growth_and_decay, lemuel_crystal_altar,
          portal_sewer_entry_a, grunt_ministairs_10
D:4:      amethyst_overflow_temple_binary, enter_ossuary_4
D:5:      temple_statues, basic_altar, first_ration, uniq_pikel, uniq_eustachio
D:6:      kennysheep_little_box, serial_shops, shop, uniq_grinder
D:7:      enter_bailey_3, david_defended_altar_elf, uniq_harold
D:8:      ashenzari_conservatory_becter, old_standard_altar, dpeg_oklobed_lair
D:10:     uniq_maurice
D:11:     hiddenorc2_lemuel, serial_shops, shop, uniq_grum, uniq_erica
D:12:     gammafunk_ghost_split, portal_ice_cave_rime, lab_entry_generic,
          serial_glass, glass_columns_b, glass_columns_c, glass_columns_c,
          glass_columns_c, glass_columns_a, glass_columns_a, glass_columns_b,
          glass_columns_a, glass_columns_a, glass_columns_a, item_on_display_a,
          uniq_erolcha
D:13:     grunt_vaults_entry_tiered
D:14:     enter_trove_5, minivault_19, uniq_kirke
D:15:     hangedman_depths_entry_civil_slaughter,
          hangedman_abyss_or_decor_lesser_grid, kennysheep_inner_square
Temple:   nicolae_temple_figure_eight
Lair:2:   grunt_megastairs_4
Lair:3:   minmay_swamp_entry_worms, enter_volcano_3, minmay_another_anthill,
          uniq_sonja
Lair:4:   nicolae_spider_entry_orb_guardian, ebering_ghost_rock_garden,
          basic_altar, hangedman_lair_unloving_vines, uniq_nergalle
Lair:6:   guppyfry_lair_end_dragon, hangedman_lair_tendril_chambers,
          dpeg_slime_entry_enclosed_altar, serial_bayou_shore_a
Swamp:1:  nicolae_swamp_dense_foliage
Swamp:2:  evilmike_swamp_ruin_house_1, swamp_pool5
Swamp:3:  hangedman_swamp_blocks
Swamp:4:  swamp_basic_johnstein
Orc:1:    basic_altar, nicolae_orc_sculptors_studio, bh_open_orc_temple,
          uniq_snorg, uniq_fannar
Orc:2:    st_orc_open, serial_shops, nicolae_shop_behind_doors, uniq_urug
Sewer:    kennysheep_pipe_town
Ossuary:  ossuary_tomb_1
Bailey:   bailey_polearm_1, bailey
Volcano:  volcano_tomb

Skill      XL: |  1  2  3  4  5  6  7  8  9 10 11 12 13 14 15 16 |
---------------+-------------------------------------------------+-----
Maces & Flails | 4 5 6 7 8 9 11 12 14 15 17 19 | 19.4
Fighting       | 3 4 5 6 8 9 11 12 13 14 16 17 18 | 18.1
Armour         | 6 9 12 14 15 17 18 | 18.4
Invocations    | 3 5 7 9 10 11 | 11.3
Dodging        | 6 |  6.2
Throwing       | |  2.0

Action                   |  1- 3 |  4- 6 |  7- 9 | 10-12 | 13-15 | 16-18 || total
-------------------------+-------+-------+-------+-------+-------+-------++-------
Melee: Flail             |    57 |       |       |       |       |       ||    57
       Headbutt          |    15 |    39 |    59 |   157 |   283 |   126 ||   679
       Whip              |    32 |   189 |   282 |   737 |    73 |       ||  1313
       Punch             |       |       |       |     2 |       |       ||     2
       Dire flail        |       |       |       |       |  1144 |   452 ||  1596
 Fire: Blowgun           |       |       |       |    20 |       |       ||    20
Throw: Throwing net      |       |       |     1 |     2 |       |       ||     3
       Javelin           |       |       |       |     6 |       |       ||     6
Invok: Heroism           |       |       |       |     4 |     9 |     1 ||    14
       Finesse           |       |       |       |     2 |       |       ||     2
 Abil: Evoke Invisibilit |       |       |       |     1 |       |       ||     1
Evoke: Wand              |       |       |       |     3 |     3 |     1 ||     7
  Use: Scroll            |     6 |     2 |     9 |     9 |    12 |     2 ||    40
       Potion            |       |       |     3 |     3 |     1 |     1 ||     8
 Stab: Paralysed         |       |       |       |       |     1 |       ||     1
  Eat: Chunk             |     1 |     4 |     7 |    20 |    29 |     7 ||    68
       Ration            |       |       |     1 |     3 |     5 |     3 ||    12
Armor: Leather armour    |    20 |       |       |       |       |       ||    20
       Plate armour      |    15 |   103 |   141 |   377 |   871 |    43 ||  1550
       Scale mail        |       |       |       |       |     9 |       ||     9
       Swamp dragon scal |       |       |       |       |       |   213 ||   213
Dodge: Dodged            |    56 |    55 |    70 |   205 |   598 |   323 ||  1307

Table legend:
 A = Non-vault XP
 B = Vault XP
 C = Vault XP percentage of total XP
 D = Non-vault monster count
 E = Vault monster count
 F = Vault count percentage of total count
                 A         B        C        D         E       F
            +---------+---------+-------+---------+---------+-------
      Total |  123661 |   88293 |  41.7 |     593 |     343 |  36.6
            +---------+---------+-------+---------+---------+-------
        D:1 |      43 |       0 |   0.0 |      24 |       0 |   0.0
        D:2 |      36 |      16 |  30.8 |      18 |       7 |  28.0
        D:3 |      55 |      24 |  30.4 |      14 |       7 |  33.3
        D:4 |     577 |       2 |   0.3 |      20 |       2 |   9.1
        D:5 |     841 |     859 |  50.5 |      24 |       2 |   7.7
        D:6 |    1089 |     244 |  18.3 |      22 |       1 |   4.3
        D:7 |     850 |    2229 |  72.4 |      19 |       6 |  24.0
        D:8 |    1307 |       0 |   0.0 |      31 |       0 |   0.0
        D:9 |    1648 |       0 |   0.0 |      19 |       0 |   0.0
       D:10 |    2417 |     457 |  15.9 |      24 |       1 |   4.0
       D:11 |    4199 |    1921 |  31.4 |      36 |      38 |  51.4
       D:12 |   11067 |    7564 |  40.6 |      32 |      10 |  23.8
       D:13 |    4409 |   10252 |  69.9 |      15 |      25 |  62.5
       D:14 |    6292 |    3787 |  37.6 |      11 |       6 |  35.3
       D:15 |   11432 |    5874 |  33.9 |      43 |      10 |  18.9
     Lair:1 |    1921 |       0 |   0.0 |      11 |       0 |   0.0
     Lair:2 |    7483 |    1392 |  15.7 |      15 |       2 |  11.8
     Lair:3 |    6142 |    3235 |  34.5 |      18 |      23 |  56.1
     Lair:4 |    3356 |    2455 |  42.2 |      16 |       3 |  15.8
     Lair:5 |    1056 |       0 |   0.0 |       3 |       0 |   0.0
     Lair:6 |   12384 |   13751 |  52.6 |      35 |      50 |  58.8
    Swamp:1 |    6302 |       0 |   0.0 |      19 |       0 |   0.0
    Swamp:2 |    7561 |     411 |   5.2 |      16 |       3 |  15.8
    Swamp:3 |    8384 |       0 |   0.0 |      25 |       0 |   0.0
    Swamp:4 |   14841 |    8383 |  36.1 |      23 |      13 |  36.1
      Orc:1 |    4330 |    2326 |  34.9 |      36 |       7 |  16.3
      Orc:2 |    3639 |   17181 |  82.5 |      24 |      38 |  61.3
      Sewer |       0 |     323 | 100.0 |       0 |      24 | 100.0
    Ossuary |       0 |     212 | 100.0 |       0 |      39 | 100.0
     Bailey |       0 |    1268 | 100.0 |       0 |      13 | 100.0
    Volcano |       0 |    4127 | 100.0 |       0 |      13 | 100.0
            +---------+---------+-------+---------+---------+-------
